 Dungeon Crawl Stone Soup version 0.30-a0-940-ge5077277c9 (webtiles) character file.

Game seed: 14091636766198821753

629 Delarado the Martial Artist (level 7, 0/43 HPs)
             Began as an Octopode Transmuter on Mar 26, 2023.
             Was an Initiate of Dithmenos.
             Splashed by a jelly's acid (4 damage)
             ... on level 6 of the Dungeon.
             The game lasted 00:26:27 (6080 turns).

Delarado the Martial Artist (Octopode Transmuter)   Turns: 6080, Time: 00:26:27

Health: 0/43       AC: -7    Str:  9    XL:     7   Next: 48%
Magic:  10/10      EV: 13    Int: 18    God:    Dithmenos [......]
Gold:   164        SH:  0    Dex: 12    Spells: 5/10 levels left

rFire   + . .      SeeInvis .      - Unarmed
rCold   x . .      Faith    .    (no shield)
rNeg    . . .      Spirit   .    (helmet restricted)
rPois   .          Reflect  .    (no amulet)
rElec   .          Rampage  .    c - ring of fire
rCorr   .                        (no ring)
Will    .....                    (no ring)
Stlth   ++                       (no ring)
HPRegen 0.27/turn                (no ring)
MPRegen 0.12/turn                (no ring)
                                 (no ring)
                                 (no ring)

@: corroded
A: almost no armour, amphibious, 8 rings, camouflage 1, gelatinous body 1,
(nimble swimmer 1), tentacles
a: Renounce Religion


You were on level 6 of the Dungeon.
You worshipped Dithmenos.
Dithmenos was noncommittal.
You visited 2 branches of the dungeon, and saw 7 of its levels.

You collected 164 gold pieces.

Inventory:

Missiles
 d - 56 stones
 g - 2 atropa-tipped darts
 h - 13 poisoned darts
 l - 4 boomerangs
 n - 5 javelins (quivered)
Jewellery
 c - a ring of fire (left tentacle)
Scrolls
 b - a scroll of poison
 k - 3 scrolls of vulnerability
 m - 2 scrolls of noise
 o - 2 scrolls of silence {unknown}
 r - a scroll of enchant weapon
 s - a scroll of enchant armour
 t - a scroll of teleportation
 u - a scroll of blinking {unknown}
 v - a scroll of brand weapon {unknown}
Potions
 a - a potion of lignification
 e - a potion of cancellation
 f - 3 potions of curing
 i - a potion of mutation


   Skills:
 - Level 1.0 Fighting
 - Level 2.0 Dodging
 - Level 0.2 Stealth
 + Level 8.5 Unarmed Combat
 - Level 2.0 Spellcasting
 - Level 2.0 Transmutations


You had 5 spell levels left.
You knew the following spells:

 Your Spells              Type           Power      Damage    Failure   Level
a - Beastly Appendage     Tmut           18%        N/A       8%          1
b - Ice Form              Ice/Tmut       5%         N/A       75%         4

Your spell library contained the following spells:

 Spells                   Type           Power      Damage    Failure   Level
 Wereblood                Tmut           9%         N/A       12%         2
 Apportation              Tloc           2%         N/A       19%         1
 Foxfire                  Conj/Fire      8%         2x1d4     19%         1
 Necrotise                Necr           4%         1d4       19%         1
 Summon Small Mammal      Summ           4%         N/A       19%         1
 Spider Form              Tmut/Pois      5%         N/A       34%         3
 Fireball                 Conj/Fire      1%         3d3       99%         5
 Starburst                Conj/Fire      1%         6d3       100%        6


Dungeon Overview and Level Annotations

Branches:
Dungeon (6/15)             Temple (1/1) D:4

Altars:
Ashenzari
Cheibriados
Dithmenos
Elyvilon
Fedhas
Gozag
Hepliaklqana
Kikubaaqudgha
Makhleb
Nemelex Xobeh
Okawaru
Qazlal
Ru
Sif Muna
Trog
Vehumet
Wu Jian
Xom
Zin

Shops:
D:4 ?

Annotations:
D:3 1 runed translucent door, exclusion: centaur, Odexios's ghost, amateur NaTm
D:4 exclusion: ogre, Edmund
D:5 1 runed translucent door, exclusions: ice beast and ogre, Crazy Yiuf; Eustachio
D:6 2 runed translucent doors, Maggie


Innate Abilities, Weirdness & Mutations

You cannot wear most types of armour.
You are amphibious.
You can wear up to eight rings at the same time.
Your skin changes colour to match your surroundings (Stealth+).
Your rubbery body absorbs attacks. (AC +1, EV +1)
((You are camouflaged when in or above water. (Stealth+)))
You have tentacles for arms and can constrict up to eight enemies at once.


Message History

You bludgeon the scorpion! You grab the scorpion. You squeeze the scorpion.
You kill the scorpion!
Dithmenos accepts your kill.
You feel sick.
You feel sick.
You see here a scorpion corpse.
You feel sick.
You see here a javelin.
Unknown command.
n - 5 javelins (gained 1)
You feel sick.
You feel sick.
You see here a scorpion corpse.
You feel sick.
A jelly is nearby!
Throw: 57 stones
Press: ? - help, Q - select action, (/) - cycle Shift-Dir - straight line, f - jelly
Aim: a jelly (wandering, hasn't noticed you, 89% to hit)
You throw a stone. The jelly quivers.
The stone hits the jelly but does no damage.
You feel sick.
You feel sick.
You are no longer poisoned.
You see here a scorpion corpse.
You see here a scorpion corpse.
The jelly jiggles.
You bludgeon the jelly! The acid corrodes you!
Your tentacles burn!
The jelly is severely wounded.
The jelly hits you. The acid corrodes you!
You are splashed with acid!
You are too injured to fight recklessly!
You are too injured to fight recklessly!
You tentacle-slap the jelly but do no damage.
Your tentacles burn!
The jelly is severely wounded.
The jelly hits you.
You are splashed with acid!
* * * LOW HITPOINT WARNING * * *
You tentacle-slap the jelly but do no damage.
Your tentacles burn!
You die...

......# .... .. #.....# #..
... #.....# #.. #.# #.....#
#.. #.# #.....# #.## . #.##
#.....# #..# ##(. #..#
###)....## #..##..(.
##..###..†.....#######........
#.....<>######..@J.#..........
.......## ##..#..............
..#...######...####...........
.###..........## ###.........
## #.....##.[[# ##..........
##.#######.# #...##...... #.#
#.## ##..## #..... #..
#..###..## #.... #..#
#..#...## ...


You could see a jelly.

Vanquished Creatures
  3 scorpions (D:6)
  4 hounds
  3 jellies
  An iguana (D:5)
  An orc wizard (D:6)
  3 adders (D:3)
  2 ufetubi
  10 worms
  5 dart slugs
  14 orcs
  8 ball pythons
  6 endoplasms
  2 giant cockroaches (D:1)
  9 hobgoblins
  3 jackals (D:5)
  2 quokkas
  9 bats
  3 frilled lizards (D:1)
  8 goblins
  8 kobolds
  10 rats
114 creatures vanquished.

Notes
Turn   | Place    | Note
-------+----------+-------------------------------------------
     0 | D:1      | Delarado the Octopode Transmuter began the quest for the
                  | Orb.
     0 | D:1      | Reached XP level 1. HP: 13/13 MP: 3/3
   159 | D:1      | Reached XP level 2. HP: 18/18 MP: 3/5
   491 | D:1      | Reached skill level 4 in Unarmed Combat
   495 | D:1      | Found a faded altar of an unknown god.
   513 | D:1      | Reached XP level 3. HP: 11/23 MP: 4/6
   652 | D:1      | Prayed at the altar of an unknown god.
   652 | D:1      | Became a worshipper of Vehumet
   652 | D:1      | Reached * piety under Vehumet
   652 | D:1      | Offered knowledge of Kiss of Death by Vehumet.
  1367 | D:2      | Reached ** piety under Vehumet
  1367 | D:2      | Offered knowledge of Momentum Strike by Vehumet.
  1395 | D:2      | Reached XP level 4. HP: 28/28 MP: 7/7
  1984 | D:3      | Reached skill level 5 in Unarmed Combat
  2327 | D:3      | Reached XP level 5. HP: 20/33 MP: 8/8
  2432 | D:3      | Noticed a centaur
  2457 | D:3      | Offered knowledge of Inner Flame by Vehumet.
  2617 | D:3      | Found a runed translucent door.
  2618 | D:3      | Noticed Odexios's ghost (amateur NaTm)
  3462 | D:4      | Found a staircase to the Ecumenical Temple.
  3471 | D:4      | Reached *** piety under Vehumet
  3472 | D:4      | Reached skill level 6 in Unarmed Combat
  3500 | D:4      | Found a shimmering altar of Xom.
  3575 | D:4      | Noticed Edmund
  3587 | D:4      | Found Tootaluv's Magic Scroll Boutique.
  3587 | D:4      | Noticed an ogre
  3611 | D:4      | Found a broken altar of Ashenzari.
  3611 | D:4      | Found an opulent altar of Gozag.
  3638 | D:4      | Reached XP level 6. HP: 38/38 MP: 9/9
  3863 | Temple   | Entered the Ecumenical Temple
  4044 | Temple   | Fell from the grace of Vehumet
  4044 | Temple   | Became a worshipper of Dithmenos the Shadowed
  4098 | D:5      | Entered Level 5 of the Dungeon
  4229 | D:5      | Learned a level 4 spell: Ice Form
  4311 | D:5      | Found a runed translucent door.
  4312 | D:5      | Noticed Crazy Yiuf
  4662 | D:5      | Noticed an ice beast
  4908 | D:5      | Reached skill level 7 in Unarmed Combat
  5018 | D:5      | Noticed Eustachio
  5564 | D:6      | Reached XP level 7. HP: 20/43 MP: 10/10
  5580 | D:6      | HP: 1/43 [orc/+0 flail (8)]
  5588 | D:6      | HP: 2/43 [orc/+0 flail (1)]
  5692 | D:6      | Found a runed translucent gate.
  5692 | D:6      | Found a runed translucent gate.
  5695 | D:6      | Noticed Maggie
  5979 | D:6      | Reached skill level 8 in Unarmed Combat
  6080 | D:6      | Splashed by a jelly's acid

Illustrated notes

Levels and vault maps discovered:
D:1:      spicycebolla_arrival_xxxplode, layout_loops_ring,
          hellmonk_ecumenical_altar_lost_god, nicolae_wormholes
D:2:      layout_basic
D:3:      layout_loops_corners, ebering_ghost_reflecting_pool,
          minmay_pentomino_pile
D:4:      layout_basic, lemuel_doored_altar, gammafunk_temple_overflow_statue,
          temple_fountains, serial_shops, nicolae_shop_trees, uniq_edmund
D:5:      layout_loops_cross, kennysheep_mini, uniq_eustachio,
          uniq_crazy_yiuf_cottage
D:6:      layout_layer_cave, gammafunk_ghost_icy, uniq_maggie
Temple:   eino_temple_rhombus

Skill      XL: |  1  2  3  4  5  6  7 |
---------------+----------------------+-----
Unarmed Combat | 4 5 6 7 8 |  8.5
Fighting       | |  1.0
Dodging        | |  2.0
Stealth        | |  0.2
Spellcasting   | |  2.0
Transmutations | |  2.0

Action                     |  1- 3 |  4- 6 |  7- 9 || total
---------------------------+-------+-------+-------++-------
  Melee: Unarmed           |    82 |   138 |    22 ||   242
         Tentacles         |    22 |    32 |     7 ||    61
         Constrict         |    27 |    32 |     4 ||    63
         Punch             |     6 |     5 |     3 ||    14
         Kick              |     1 |       |       ||     1
  Throw: Stone             |    27 |     7 |     1 ||    35
         Boomerang         |       |   112 |       ||   112
         Dart              |       |    14 |       ||    14
         Javelin           |       |     8 |     5 ||    13
   Cast: Beastly Appendage |     4 |       |       ||     4
    Use: Scroll            |     2 |     5 |     3 ||    10
         Potion            |       |       |     3 ||     3
   Stab: Sleeping          |     5 |     4 |       ||     9
 Armour: Skin              |     2 |     5 |       ||     7
  Dodge: Dodged            |    43 |    81 |    12 ||   136

Table legend: (Time is in decaauts)
 A = Elapsed time spent in this place.
 B = Non-inter-level travel time spent in this place.
 C = Inter-level travel time spent in this place.
 D = Time resting spent in this place.
 E = Time spent auto-exploring this place.
 F = Levels seen in this place.
 G = Mean time per level.
                   A        B        C        D        E       F      G
               +--------+--------+--------+--------+--------+-----+--------+
         Total |   6109 |   5800 |    309 |    900 |   3608 |   7 |  872.7 |
       Dungeon |   5921 |   5650 |    271 |    900 |   3473 |   6 |  986.8 |
        Temple |    187 |    149 |     38 |      0 |    135 |   1 |  187.0 |
               +--------+--------+--------+--------+--------+-----+--------+

Top non-repeatable levels by time:
     D:5: 1556 daAuts
     D:3: 1496 daAuts
     D:1: 996 daAuts
     D:2: 864 daAuts
     D:4: 566 daAuts
     D:6: 441 daAuts
  Temple: 187 daAuts
